 Dungeon Sprint DCSS version 0.30-a0-279-g4b46babb21 (webtiles) character file.

Game seed: 1723200961109793582

157 rocky1 the Martial Artist (level 5, -14/36 HPs)
             Began as an Octopode Transmuter on Oct 16, 2022.
             Was an Initiate of Sif Muna.
             Killed from afar by a deep elf pyromancer (25 damage)
             ... with a bolt of fire
             ... in the Dungeon (Sprint III: "The Ten Rune Challenge").
             The game lasted 00:04:16 (305 turns).

rocky1 the Martial Artist (Octopode Transmuter)      Turns: 305, Time: 00:04:17

Health: -14/36     AC:  1    Str: 11    XL:     5   Next: 38%
Magic:  7/8        EV: 14    Int: 15    God:    Sif Muna [......]
Gold:   13         SH:  0    Dex: 13    Spells: 2/8 levels left

rFire   . . .      SeeInvis .      - Unarmed
rCold   . . .      Faith    .    (no shield)
rNeg    . . .      Spirit   .    (helmet currently unavailable)
rPois   .          Reflect  .    (no amulet)
rElec   .          Harm     .    (no ring)
rCorr   .          Rampage  .    (no ring)
Will    .....      NoTele   +    (no ring)
Stlth   +++.......               (no ring)
HPRegen 0.26/turn                (no ring)
MPRegen 0.11/turn                (no ring)
                                 (no ring)
                                 (no ring)

@: appendages
A: tentacle spike 3, almost no armour, amphibious, 8 rings, camouflage 1,
gelatinous body 1, (nimble swimmer 1), tentacles
a: End Transformation, Renounce Religion


You were in the Dungeon.
You worshipped Sif Muna.
Sif Muna was noncommittal.
One of your tentacles had grown a beastly spike.
You visited 1 branch You collected 13 gold pieces.

Inventory:

Scrolls
 g - a scroll of blinking
Potions
 a - a potion of lignification
 d - a potion of haste
 e - 2 potions of magic


   Skills:
 + Level 3.6 Fighting
 + Level 4.1 Dodging
 + Level 2.7 Stealth
 + Level 8.6 Unarmed Combat
 + Level 2.0 Spellcasting
 + Level 4.1 Transmutations
 + Level 0.0 Poison Magic


You had 2 spell levels left.
You knew the following spells:

 Your Spells              Type           Power      Damage    Failure   Level
a - Beastly Appendage     Tmut           26%        N/A       4%          1
b - Wereblood             Tmut           13%        N/A       6%          2
c - Spider Form           Tmut/Pois      7%         N/A       28%         3

Your spell library contained the following spells:

 Spells                   Type           Power      Damage    Failure   Level
 Magic Dart               Conj           4%         1d3       22%         1
 Call Imp                 Summ           1%         N/A       32%         2
 Mephitic Cloud           Conj/Pois/Air  1%         N/A       54%         3
 Ice Form                 Ice/Tmut       7%         N/A       67%         4


Dungeon Overview and Level Annotations

Branches:
Dungeon (1/1)

Altars:
Elyvilon
Kikubaaqudgha
Sif Muna
Vehumet
Zin
The Shining One


Innate Abilities, Weirdness & Mutations

One of your tentacles has grown a beastly spike.
You cannot wear most types of armour.
You are amphibious.
You can wear up to eight rings at the same time.
Your skin changes colour to match your surroundings (Stealth+).
Your rubbery body absorbs attacks. (AC +1, EV +1)
((You are camouflaged when in or above water. (Stealth+)))
You have tentacles for arms and can constrict up to eight enemies at once.


Message History

There is a fountain of clear blue water here.
There is an open door here.
There is a radiant altar of Vehumet here.
There is a shimmering blue altar of Sif Muna here.
You curl up in front of the altar of Sif Muna.
Sif Muna welcomes you!
There is a radiant altar of Vehumet here.
There is an open door here.
Okay, then.
There is a fountain of clear blue water here.
You open the door.
Found three altars.
Casting: Beastly Appendage (safe; 4% risk of failure)
Confirm with . or Enter, or press ? or * to list all spells.
One of your tentacles grows a vicious spike.
No target in view!
A deep elf pyromancer comes into view.
It is wielding a +1 long sword of holy wrath.
Found a potion of heal wounds.
There is an open door here.
The helpless deep elf pyromancer fails to defend itself.
You bludgeon the deep elf pyromancer!
Your grab misses the deep elf pyromancer.
Your tentacle spike misses the deep elf pyromancer.
Your squeeze misses the deep elf pyromancer.
The deep elf pyromancer is heavily wounded.
The deep elf pyromancer closely misses you.
You miss the deep elf pyromancer.
Your grab misses the deep elf pyromancer.
Your tentacle spike misses the deep elf pyromancer.
Your squeeze misses the deep elf pyromancer.
The deep elf pyromancer is moderately wounded.
The deep elf pyromancer casts a spell at you.
The bolt of fire hits you!!
Ouch! That really hurt!
* * * LOW HITPOINT WARNING * * *
You feel better.
The deep elf pyromancer casts a spell at you.
The bolt of fire hits you!!
Ouch! That really hurt!
You die...

▓▓▓▓▓▓▓ ▓▓▓ +.....♣
♣.##### #.....♣♣ ♣♣.#___#
###....♣.♣ ..#e@.#
†.#....~.♣♣♣♣.###'#+###+##
..#...~~♣.♣...#..........#
.[#..~~~~.♣.♣.'.⌠........#
#'#..†≈≈~~~.♣.#...######+#
..#.~~≈~~~....#.⌠.#
).#.~≈~~~.....#...#
..#.~~~.......#'###
###...........#.))#


You could see a deep elf pyromancer.

Vanquished Creatures
  A water elemental (D)
  Jessica (D)
  A wizard (D)
  A kobold demonologist (D)
  A human (D)
  A phantom (D)
  2 rats (D)
8 creatures vanquished.

Notes
Turn   | Place    | Note
-------+----------+-------------------------------------------
     0 | D        | rocky1 the Octopode Transmuter began the quest for the Orb.
     0 | D        | Reached XP level 1. HP: 13/13 MP: 3/3
    15 | D        | Noticed Jessica
    18 | D        | Killed Jessica
    19 | D        | Reached skill level 6 in Unarmed Combat
    19 | D        | Reached XP level 2. HP: 13/18 MP: 5/5
    19 | D        | Reached XP level 3. HP: 17/23 MP: 6/6
    55 | D        | Learned a level 2 spell: Wereblood
    59 | D        | Learned a level 3 spell: Spider Form
    89 | D        | Reached skill level 7 in Unarmed Combat
   186 | D        | Noticed a water elemental
   194 | D        | Killed a water elemental
   195 | D        | Reached skill level 8 in Unarmed Combat
   195 | D        | Reached XP level 4. HP: 31/31 MP: 5/7
   247 | D        | Found a radiant altar of Vehumet.
   247 | D        | Found a shimmering blue altar of Sif Muna.
   247 | D        | Found an ancient bone altar of Kikubaaqudgha.
   247 | D        | Noticed a wizard
   249 | D        | Killed a wizard
   250 | D        | Reached skill level 1 in Stealth
   250 | D        | Reached XP level 5. HP: 36/36 MP: 6/8
   252 | D        | Noticed a ynoxinul
   288 | D        | Became a worshipper of Sif Muna the Loreminder
   299 | D        | Found a glowing silver altar of Zin.
   299 | D        | Found a glowing golden altar of the Shining One.
   299 | D        | Found a white marble altar of Elyvilon.
   301 | D        | Noticed a deep elf pyromancer
   305 | D        | Killed from afar by a deep elf pyromancer

Illustrated notes

Levels and vault maps discovered:
D:        dungeon_sprint_mu [sprint_mu_entry_forest, sprint_mu_temple_rooms,
          sprint_mu_d1_spiders, sprint_mu_d2_genie, sprint_mu_d3_branching,
          sprint_mu_orc_legion, sprint_mu_elf_gauntlet, sprint_mu_hive_nellie,
          sprint_mu_lair_fedhas, sprint_mu_vaults_butterflies,
          sprint_mu_slime_circle, sprint_mu_swamp_cave, sprint_mu_shoals_kraken,
          sprint_mu_blade_basic, sprint_mu_crypt_lich, sprint_mu_tomb_spiral,
          sprint_mu_vestibule_basic, sprint_mu_gehenna_hellfire,
          sprint_mu_dis_giant, sprint_mu_tartarus_statrot,
          sprint_mu_cocytus_islands, sprint_mu_zot1]

Skill      XL: |  1  2  3  4  5 |
---------------+----------------+-----
Unarmed Combat | 6 8 |  8.6
Fighting       | 3 |  3.6
Dodging        | 3 4 |  4.1
Transmutations | 3 4 |  4.1
Stealth        | 1 2 |  2.7
Spellcasting   | |  2.0

Action                   |  1- 3 |  4- 6 || total
-------------------------+-------+-------++-------
Melee: Unarmed           |    26 |     7 ||    33
       Constrict         |     4 |     1 ||     5
       Tentacles         |     7 |     1 ||     8
       Kick              |     6 |     2 ||     8
 Cast: Beastly Appendage |     3 |     2 ||     5
  Use: Potion            |     2 |     1 ||     3
 Stab: Sleeping          |     1 |     3 ||     4
Armor: Skin              |     1 |       ||     1
Dodge: Dodged            |     9 |     2 ||    11

Table legend: (Time is in decaauts)
 A = Elapsed time spent in this place.
 B = Non-inter-level travel time spent in this place.
 C = Inter-level travel time spent in this place.
 D = Time resting spent in this place.
 E = Time spent auto-exploring this place.
 F = Levels seen in this place.
 G = Mean time per level.
                   A        B        C        D        E       F      G
               +--------+--------+--------+--------+--------+-----+--------+
         Total |    312 |    312 |      0 |    166 |      0 |   1 |  312.0 |
       Dungeon |    312 |    312 |      0 |    166 |      0 |   1 |  312.0 |
               +--------+--------+--------+--------+--------+-----+--------+

Top non-repeatable levels by time:
       D: 312 daAuts
